 Dungeon Crawl Stone Soup version 0.31-a0-523-g071a6c1ffa (webtiles) character file.

Game seed: 7188741043678847871

27 spiderkeys the Insei (level 3, 0/23 HPs)
             Began as an Octopode Shapeshifter on Aug 11, 2023.
             Slain by an adder (3 damage)
             ... on level 2 of the Dungeon.
             The game lasted 00:01:21 (768 turns).

spiderkeys the Insei (Octopode Shapeshifter)         Turns: 768, Time: 00:01:21

Health: 0/23       AC:  1    Str: 14    XL:     3   Next: 10%
Magic:  3/3        EV: 13    Int: 10    God:
Gold:   35         SH:  0    Dex: 14    Spells: 2/2 levels left

rFire   . .          .
                       - Unarmed
rCold   . . .        (no shield)
rNeg    . . .        (helmet currently unavailable)
rPois   .            (no amulet)
rElec   .            (no ring)
rCorr   .            (no ring)
SInv    .            (no ring)
Will    .....        (no ring)
Stlth   ++           (no ring)
HPRegen 0.23/turn    (no ring)
MPRegen 0.08/turn    (no ring)
                     (no ring)

%: no passive effects
@: lethally poisoned (0 -> -12), beast-form
A: beast (slay +2), almost no armour, amphibious, 8 rings, camouflage 1,
gelatinous body 1, (nimble swimmer 1), tentacles
a: Begin Untransformation


You were on level 2 of the Dungeon.
You were a hulking beast.
You visited 1 branch of the dungeon, and saw 2 of its levels.

You collected 35 gold pieces.


Innate Abilities, Weirdness & Mutations

You are a hulking beast.
Your limbs bulge with bestial killing power. (Slay +2)
You cannot wear most types of armour.
You are amphibious.
You can wear up to eight rings at the same time.
Your skin changes colour to match your surroundings (Stealth+).
Your rubbery body absorbs attacks. (AC +1, EV +1)
((You are camouflaged when in or above water. (Stealth+)))
You have tentacles for arms and can constrict up to eight enemies at once.


   Skills:
 + Level 1.6 Fighting
 + Level 2.4 Dodging
 + Level 3.3 Unarmed Combat
 + Level 3.2 Shapeshifting


You had 2 spell levels left.
You didn't know any spells.
Your spell library contained the following spells:

 Spells                   Type           Power      Damage    Failure   Level
 Magic Dart               Conj           0%         1d3       36%         1
 Call Imp                 Summ           0%         N/A       50%         2
 Mephitic Cloud           Conj/Pois/Air  0%         N/A       75%         3

Inventory:

Missiles
 d - 10 stones
Talismans
 b - a beast talisman (active)
 c - a flux talisman
Scrolls
 e - 2 scrolls of fog {unknown}
 f - a scroll of teleportation {unknown}
 h - a scroll of identify {unknown}
 j - a scroll of summoning {unknown}
Potions
 a - a potion of lignification {!q}
 g - a potion of resistance {unknown}
 i - a potion of heal wounds {unknown}
 k - a potion of attraction {unknown}

Dungeon Overview and Level Annotations

Branches:
Dungeon (2/15) Zot: 11233

Altars:

#######)#.# #.#.#
#.#.# ######## #.#.#
#......#####.#.###
#.####.#..........
#...##.#.###.#....
#.#####.#........#..##
#...Sh..##########..#
#.#####.# ...# ..#
##.# ### .# .#


You could see an adder.


Message History

You tentacle-slap the ball python.
You kill the ball python! 😕 HP[+1] No target in view!
No target in view!
There is an escape hatch in the ceiling here.
A kobold comes into view. It is wielding a +0 club. 😎 HP[+2]
Your hp is fully restored (18).
A kobold is nearby!
A kobold is nearby!
You see here 8 gold pieces.
An endoplasm comes into view.
The kobold closely misses you.
You completely miss the kobold. You grab the kobold. You squeeze the kobold.
You kill the kobold!
The endoplasm quivers.
An endoplasm is nearby!
You tentacle-slap the endoplasm. The endoplasm freezes you.
You are frozen.
An endoplasm is nearby!
You tentacle-slap the endoplasm but do no damage.
The endoplasm misses you. 😕 HP[-2]
You take 2 damage, and now have 16/18 hp.
You barely miss the endoplasm. The endoplasm closely misses you.
You tentacle-slap the endoplasm.
You kill the endoplasm!
You have reached level 3!
Your experience leads to an increase in your attributes!
Increase (S)trength, (I)ntelligence, or (D)exterity?
You feel agile. x2 😕 HP[+5] MP[+1]
You now have 23 max hp (+5).
You regained 5 hp, and now have 21/23 hp.
Your mp is fully restored (3).
You now have 35 gold pieces (gained 8).
e - 2 scrolls labelled RUTZEV MOMA (gained 1)
You open the gate.
A hobgoblin comes into view.
Found a stone staircase leading up.
A hobgoblin is nearby! 😎 HP[+2]
Your hp is fully restored (23).
A hobgoblin is nearby!
The helpless hobgoblin fails to defend itself.
You bludgeon the hobgoblin!
You kill the hobgoblin!
No target in view!
No target in view!
You see here a hobgoblin corpse.
There is a stone staircase leading up here.
A goblin comes into view. It is wielding a +0 dagger.
A goblin is nearby!
A goblin is nearby!
The goblin shouts!
You tentacle-slap the goblin. You grab the goblin. You constrict the goblin.
You kill the goblin!
No target in view!
No target in view!
k - an emerald potion An adder comes into view.
The adder hisses angrily.
An adder is nearby!
The adder bites you.
You are poisoned.
The adder poisons you! 😕 HP[-4]
You take 4 damage, and now have 19/23 hp.
You closely miss the adder. Your grab misses the adder.
You tentacle-slap the adder. Your squeeze misses the adder.
You feel sick. The adder bites you but does no damage.
The adder bites you. 😮 HP[-4]
You take 4 damage, and now have 15/23 hp.
You are too injured to fight recklessly!
You are too injured to fight recklessly!
You are too injured to fight recklessly!
You are too injured to fight recklessly!
You miss the adder. Your grab misses the adder.
You feel sick. The adder bites you.
You are more poisoned.
The adder poisons you! 😮 HP[-2]
You take 2 damage, and now have 13/23 hp.
You tentacle-slap the adder but do no damage.
Your grab misses the adder.
* * * LOW HITPOINT WARNING * * *
You feel very sick. The adder bites you.
* * * LOW HITPOINT WARNING * * *
😨 HP[-4]
You take 4 damage, and now have 9/23 hp.
You tentacle-slap the adder. Your grab misses the adder.
* * * LOW HITPOINT WARNING * * *
You feel sick. The adder bites you.
* * * LOW HITPOINT WARNING * * *
You are more poisoned.
The adder poisons you! The adder bites you.
You die...

Action                     || total
---------------------------++-------
  Melee: Unarmed           ||    46
         Constrict         ||    15
         Tentacles         ||     6
         Punch             ||     2
   Stab: Sleeping          ||     7
 Armour: Skin              ||     5
  Dodge: Dodged            ||    19

Levels and vault maps discovered:
D:1:      scummos_arrival_simple_fountains, layout_loops_cross,
          shapermc_ecumenical_altar_mp_urbaneastern,
          amcnicky_mini_rare_corridor_liquid
D:2:      layout_loops_ring, basic_altar, kennysheep_cross_bottleneck,
          minmay_misc_feat_ornament

Notes
Turn   | Place    | Note
-------+----------+-------------------------------------------
     0 | D:1      | spiderkeys the Octopode Shapeshifter began the quest for
                  | the Orb.
     0 | D:1      | Reached XP level 1. HP: 13/13 MP: 1/1
     0 | D:1      | magus.rc [v1.11.6]
   251 | D:1      | You add the spells Magic Dart, Call Imp and Mephitic Cloud
                  | to your library.
   290 | D:1      | Reached XP level 2. HP: 18/18 MP: 2/2
   474 | D:1      | Found a faded altar of an unknown god.
   691 | D:2      | Reached XP level 3. HP: 21/23 MP: 3/3
   768 | D:2      | HP: 3/23 [adder (4)]
   768 | D:2      | Slain by an adder

Vanquished Creatures
  A dart slug (D:1)
  2 endoplasms
  3 hobgoblins
  4 kobolds
  A quokka (D:1)
  5 ball pythons
  2 bats (D:1)
  4 frilled lizards (D:1)
  2 goblins
  A rat (D:1)
25 creatures vanquished.

Table legend:
 A = Non-vault XP
 B = Vault XP
 C = Vault XP percentage of total XP
 D = Non-vault monster count
 E = Vault monster count
 F = Vault count percentage of total count
                 A         B        C        D         E       F
            +---------+---------+-------+---------+---------+-------
      Total |      39 |       0 |   0.0 |      25 |       0 |   0.0
            +---------+---------+-------+---------+---------+-------
        D:1 |      29 |       0 |   0.0 |      19 |       0 |   0.0
        D:2 |      10 |       0 |   0.0 |       6 |       0 |   0.0
            +---------+---------+-------+---------+---------+-------

Action                     || total
---------------------------++-------
  Melee: Unarmed           ||    46
         Constrict         ||    15
         Tentacles         ||     6
         Punch             ||     2
   Stab: Sleeping          ||     7
 Armour: Skin              ||     5
  Dodge: Dodged            ||    19

Illustrated notes

Table legend:
 A = Kills in this place as a percentage of kills in the entire game.
 B = Kills by you in this place as a percentage of kills by you in the entire game.
 C = Kills by friends in this place as a percentage of kills by friends in the entire game.
 D = Other kills in this place as a percentage of other kills in the entire game.
 E = Experience gained in this place as a percentage of experience gained in the entire game.
 F = Experience gained in this place divided by the number of levels of this place that you have seen.
                   A       B       C       D       E      F
               +-------+-------+-------+-------+-------+----------------------
         Total | 100.0 | 100.0 |   N/A |   N/A | 100.0 |  19.5
       Dungeon | 100.0 | 100.0 |   N/A |   N/A | 100.0 |  19.5
               +-------+-------+-------+-------+-------+----------------------

Table legend: (Time is in decaauts)
 A = Elapsed time spent in this place.
 B = Non-inter-level travel time spent in this place.
 C = Inter-level travel time spent in this place.
 D = Time resting spent in this place.
 E = Time spent auto-exploring this place.
 F = Levels seen in this place.
 G = Mean time per level.
                   A        B        C        D        E       F      G
               +--------+--------+--------+--------+--------+-----+--------+
         Total |    765 |    758 |      7 |      0 |    613 |   2 |  382.5 |
       Dungeon |    765 |    758 |      7 |      0 |    613 |   2 |  382.5 |
               +--------+--------+--------+--------+--------+-----+--------+

Top non-repeatable levels by time:
     D:1: 636 daAuts
     D:2: 129 daAuts
